 Dungeon Crawl Stone Soup version 0.31-a0-971-g75a2e9a4b4 (webtiles) character file.

Game seed: 10946802182914529989

18 zenocrate the Sneak (level 2, -8/13 HPs)
             Began as a Vine Stalker Enchanter on Oct 29, 2023.
             Killed from afar by Ijyb (13 damage)
             ... with a bolt of light
             ... on level 4 of the Dungeon.
             The game lasted 00:01:03 (886 turns).

zenocrate the Sneak (Vine Stalker Enchanter)         Turns: 886, Time: 00:01:03

Health: -8/13      AC:  3    Str: 10    XL:     2   Next: 70%
Magic:  0/6        EV: 12    Int: 15    God:
Gold:   23         SH:  0    Dex: 14    Spells: 3/5 levels left

rFire   . . .        a - +2 dagger
rCold   . . .        (no shield)
rNeg    . . .        b - +0 robe
rPois   .            (no helmet)
rElec   .            e - +0 cloak
rCorr   .            (no gloves)
SInv    .            (no boots)
Will    .....        (no amulet)
Stlth   +++          (no ring)
HPRegen 1.02/turn    (no ring)
MPRegen 0.10/turn

%: guardian spirit
@: invisible
A: fangs 2, regeneration 1, magic shield, antimagic bite, no potion heal 2
a: no special abilities


You were on level 4 of the Dungeon.
You visited 1 branch of the dungeon, and saw 3 of its levels.

You collected 23 gold pieces.

Inventory:

Hand Weapons
 a - a +2 dagger (weapon)
Armour
 b - a +0 robe (worn)
 e - a +0 cloak (worn)
Scrolls
 f - 2 scrolls of enchant weapon
 g - a scroll of vulnerability {unknown}
 h - a scroll of enchant armour
 j - 2 scrolls of identify
Potions
 c - a potion of invisibility
 d - 2 potions of curing
 i - a potion of resistance
 k - a potion of degeneration {unknown}


   Skills:
 + Level 1.4 Short Blades
 - Level 1.5 Dodging
 + Level 4.1 Stealth
 - Level 2.1 Spellcasting
 + Level 3.3 Hexes


You had 3 spell levels left.
You knew the following spells:

 Your Spells              Type           Power      Damage    Failure   Level
a - Ensorcelled Hibernat  Hex/Ice        12%        N/A       17%         2

Your spell library contained the following spells:

 Spells                   Type           Power      Damage    Failure   Level
 Confusing Touch          Hex            11%        N/A       17%         3
 Tukima's Dance           Hex            11%        N/A       17%         3
 Dazzling Flash           Conj/Hex       12%        N/A       32%         3


Dungeon Overview and Level Annotations

Branches:
Dungeon (2/15)             Temple (0/1) D:4

Altars:

Annotations:
D:4 Ijyb


Innate Abilities, Weirdness & Mutations

You have extremely sharp teeth.
Your natural rate of healing is unusually fast.
When hurt, damage is shared between your health and your magic reserves.
Your bite disrupts and absorbs the magic of your enemies.
Potions cannot restore your health.


Message History

You closely miss the giant cockroach. You bite the giant cockroach.
You kill the giant cockroach!
k - a murky dark potion No target in view!
Ijyb the Twisted Goblin comes into view.
She is wielding a +2 dagger of speed and carrying a wand of light.
Found a staircase to the Ecumenical Temple.
Ijyb is nearby!
Ijyb is nearby!
Ijyb hits you but does no damage. Ijyb misses you.
Casting: Ensorcelled Hibernation (safe; 17% risk of failure)
Confirm with . or Enter, or press ? or * to list all spells.
Aiming: Ensorcelled Hibernation (safe; 17% risk of failure)
Press: ? - help, Shift-Dir - straight line, f - Ijyb
Aim: Ijyb, wielding a +2 dagger of speed, wearing a +0 scale mail and carrying a wand of light (chance to affect: 49%) Ijyb looks drowsy...
The helpless Ijyb fails to defend herself.
You puncture Ijyb! You bite Ijyb, but do no damage.
Ijyb is heavily wounded.
Ijyb hits you with a +2 dagger of speed.
Casting: Ensorcelled Hibernation (safe; 17% risk of failure)
Confirm with . or Enter, or press ? or * to list all spells.
You don't know that spell.
You completely miss Ijyb. You bite Ijyb, but do no damage.
Ijyb is heavily wounded.
Ijyb hits you with a +2 dagger of speed.
You aren't carrying any items that you can evoke.
Unknown command.
Okay, then.
You hit Ijyb.
Ijyb is heavily wounded.
Ijyb zaps a wand.
The bolt of light hits you!
Ouch! That really hurt!
* * * LOW HITPOINT WARNING * * *
You fade into invisibility!
Ijyb barely misses you.
You closely miss Ijyb. You bite Ijyb, but do no damage.
Ijyb is heavily wounded.
Ijyb misses you.
Ijyb zaps a wand.
The bolt of light hits you!
Ouch! That really hurt!
You die...

+.....# ..##+#. #.....#
.......###+# #.....#
.......#...# ###.....#
.......#...# #.......#
.......#...# #.......+
.......#...# #.......#
...........#####.......#
≈≈.≈≈.g@...............#
≈≈.≈≈≈≈................#
≈≈.≈≈≈≈≈≈..............#
≈≈.≈≈≈≈≈≈≈.......).....#
≈...≈≈≈≈≈≈.............#
≈.>.≈≈≈≈≈≈.###.........#
≈...≈≈≈≈≈≈.. #.........#
≈≈≈≈≈≈≈≈≈....##+#####...


You could see Ijyb (unable to see you).

Vanquished Creatures
  A ball python (D:1)
  An endoplasm (D:1)
  2 giant cockroaches
  A goblin (D:1)
  3 jackals (D:2)
  A quokka (D:1)
  3 bats
  A frilled lizard (D:1)
  2 kobolds (D:1)
  A rat (D:1)
16 creatures vanquished.

Notes
Turn   | Place    | Note
-------+----------+-------------------------------------------
     0 | D:1      | zenocrate the Vine Stalker Enchanter began the quest for
                  | the Orb.
     0 | D:1      | Reached XP level 1. HP: 9/9 MP: 4/4
    54 | D:1      | Reached skill level 1 in Short Blades
   127 | D:1      | Reached XP level 2. HP: 13/13 MP: 6/6
   130 | D:1      | Learned a level 2 spell: Ensorcelled Hibernation
   212 | D:1      | Reached skill level 4 in Stealth
   854 | D:2      | You fall into a shaft and drop 2 floors!
   877 | D:4      | Noticed Ijyb
   878 | D:4      | Found a staircase to the Ecumenical Temple.
   886 | D:4      | Killed from afar by Ijyb

Illustrated notes

Levels and vault maps discovered:
D:1:      dpeg_arrival_shrine, layout_basic, grunt_decor_junction,
          grunt_decor_one_mirror, minmay_tetromino_s2
D:2:      layout_basic, chequers_ecumenical_altar_island,
          kennysheep_generic_room_15, uniq_robin, uniq_sigmund
D:4:      minmay_chambers_of_threes, layout_gridville, temple_pool_b,
          mrwooster_statue_mirror, uniq_eustachio, uniq_pikel, uniq_ijyb

Skill      XL: |  1  2 |
---------------+-------+-----
Short Blades   | 1 |  1.4
Stealth        | 4 |  4.1
Dodging        | |  1.5
Spellcasting   | |  2.1
Hexes          | |  3.3

Action                     || total
---------------------------++-------
  Melee: Dagger            ||    51
         Bite              ||    13
         Punch             ||     1
   Cast: Ensorcelled Hiber ||     3
    Use: Scroll            ||     4
         Potion            ||     1
   Stab: Sleeping          ||     5
 Armour: Robe              ||    25
  Dodge: Dodged            ||    36

Table legend: (Time is in decaauts)
 A = Elapsed time spent in this place.
 B = Non-inter-level travel time spent in this place.
 C = Inter-level travel time spent in this place.
 D = Time resting spent in this place.
 E = Time spent auto-exploring this place.
 F = Levels seen in this place.
 G = Mean time per level.
                   A        B        C        D        E       F      G
               +--------+--------+--------+--------+--------+-----+--------+
         Total |    883 |    840 |     43 |      0 |    688 |   3 |  294.3 |
       Dungeon |    883 |    840 |     43 |      0 |    688 |   3 |  294.3 |
               +--------+--------+--------+--------+--------+-----+--------+

Top non-repeatable levels by time:
     D:1: 654 daAuts
     D:2: 197 daAuts
     D:4: 31 daAuts
